 Dungeon Crawl Stone Soup version 0.30.1-4-g462c640d31 (webtiles) character file.

Game seed: 16643531944836268403

1429 snarfax the Cleaver (level 8, -4/64 HPs)
             Began as a Hill Orc Berserker on Aug 25, 2023.
             Was a Believer of Trog.
             Killed by vampiric draining
             ... invoked by a vampire
              (14 damage)
             ... on level 6 of the Dungeon.
             The game lasted 00:12:33 (4375 turns).

snarfax the Cleaver (Hill Orc Berserker)            Turns: 4375, Time: 00:12:33

Health: -4/64      AC: 16    Str: 22    XL:     8   Next: 73%
Magic:  8/8        EV:  9    Int:  7    God:    Trog [**....]
Gold:   298        SH:  0    Dex: 16    Spells: 7/7 levels left

rFire   . . .        a - +0 hand axe
rCold   . . .        (no shield)
rNeg    . . .        z - +3 chain mail
rPois   .            d - +1 helmet
rElec   .            m - scarf {shadows}
rCorr   .            (no gloves)
SInv    .            (no boots)
Will    ++...        (no amulet) Stlth
                     g - +6 ring of dexterity
HPRegen 1.30/turn    (no ring)
MPRegen 0.11/turn

%: no passive effects
@: strong-willed, on berserk cooldown, regenerating, slowed, very slow
A: no striking features
a: Renounce Religion, Berserk, Trog's Hand


You were on level 6 of the Dungeon.
You worshipped Trog.
Trog was pleased with you.
You visited 1 branch of the dungeon, and saw 6 of its levels.

You collected 298 gold pieces.

Inventory:

Hand Weapons
 a - a +0 hand axe (weapon)
 y - a +2 whip of flaming
Missiles
 s - 5 boomerangs (quivered)
Armour
 d - a +1 helmet (worn)
 m - a scarf of shadows (worn)
 z - a +3 chain mail (worn)
Jewellery
 g - a +6 ring of dexterity (left hand)
 n - an amulet of regeneration
 p - a ring of protection from fire
 w - a ring of protection from fire
Wands
 e - a wand of iceblast (12)
 l - a wand of flame (35)
Scrolls
 c - a scroll of vulnerability
 h - a scroll of fog {unknown}
 o - 3 scrolls of teleportation
Potions
 b - a potion of resistance {unknown}
 f - a potion of invisibility
 i - a potion of curing
 j - 3 potions of mutation
 k - 2 potions of flight
 q - a potion of brilliance {unknown}
 u - a potion of berserk rage {unknown}
 v - a potion of degeneration {unknown}
 x - a potion of haste {unknown}


   Skills:
 - Level 3.6 Fighting
 + Level 11.0 Axes
 + Level 7.8 Armour
 - Level 1.5 Dodging


You had 7 spell levels left.
You didn't know any spells.
Your spell library was empty.

Dungeon Overview and Level Annotations

Branches:
Dungeon (6/15)
 Temple: D:4-7

Altars:
Makhleb
Nemelex Xobeh


Message History

You miss something.
You feel less confused. Something hits you but does no damage.
Something bites you but does no damage.
You barely miss something.
You hear some strange, mumbled words.
Something tries to affect you, but you resist.
You barely miss something. Something draws life force from you!
You miss something. Something hits you but does no damage.
Something bites you but does no damage.
You hear some strange, mumbled words.
Something tries to affect you, but you resist.
You miss something. Something hits you but does no damage.
Something bites you but does no damage.
You barely miss something. Something hits you.
* * * LOW HITPOINT WARNING * * *
Something bites you but does no damage.
Your skin crawls.
You feel strong-willed. Something hits you.
Something bites you but does no damage.
You slash something!
You hear the slow hiss of a very distant avalanche of sand.
Something hits you but does no damage. Something bites you but does no damage.
You hit something. Something hits you. Something bites you but does no damage.
Something hits you but does no damage. Something completely misses you.
You hit something but do no damage. Something hits you but does no damage.
Something bites you!
* * * LOW HITPOINT WARNING * * *
Something draws strength from your injuries!
As you read the scroll of fear, it crumbles to dust.
You assume a fearsome visage.
Nothing appears to happen.
A vampire appears from thin air!
Reactivating autopickup.
The vampire hits you but does no damage.
The vampire bites you!
* * * LOW HITPOINT WARNING * * *
The vampire draws strength from your injuries!
You hit the vampire.
The vampire is moderately damaged.
The vampire draws life force from you!
You die...

## ###.## #.#
#....# #..##
##...### ....
#......###.#
#......#..##
##<.......#
#........#####.#
##.......@.?....
#....##V###....
##...##..# $.
###!....#
##.#... #.#....
. ###..


You could see a vampire.

Vanquished Creatures
  Pikel (D:4)
  Grinder (D:5)
  Eustachio (D:5)
  A black bear (D:4)
  An ogre (D:4)
  3 lemures (D:4)
  Blork the orc (D:4)
  A scorpion (D:4)
  A howler monkey (D:4)
  A jelly (D:4)
  2 hounds (D:5)
  A sleepcap (D:4)
  4 iguanas
  2 adders (D:5)
  An ufetubus (D:5)
  2 dart slugs
  2 worms (D:2)
  2 orcs
  3 ball pythons
  10 bats
  6 endoplasms
  13 giant cockroaches
  6 goblins
  6 hobgoblins
  10 jackals
  5 kobolds
  5 quokkas
  8 frilled lizards
  2 rats
102 creatures vanquished.

Notes
Turn   | Place    | Note
-------+----------+-------------------------------------------
     0 | D:1      | snarfax the Hill Orc Berserker began the quest for the Orb.
     0 | D:1      | Reached XP level 1. HP: 19/19 MP: 1/1
   139 | D:1      | Reached XP level 2. HP: 22/26 MP: 2/2
   341 | D:1      | Reached skill level 5 in Axes
  1003 | D:1      | Reached XP level 3. HP: 31/31 MP: 3/3
  1173 | D:2      | Reached ** piety under Trog
  1260 | D:2      | Reached skill level 6 in Axes
  1320 | D:2      | Found a burning altar of Makhleb.
  1615 | D:2      | Found a faded altar of an unknown god.
  1778 | D:3      | Reached XP level 4. HP: 39/39 MP: 4/4
  2407 | D:4      | Noticed a scorpion
  2546 | D:4      | Reached skill level 7 in Axes
  2546 | D:4      | Reached XP level 5. HP: 27/45 MP: 5/5
  2837 | D:4      | Found a sparkling altar of Nemelex Xobeh.
  2870 | D:4      | Reached XP level 6. HP: 44/51 MP: 6/6
  3228 | D:5      | Entered Level 5 of the Dungeon
  3228 | D:5      | Noticed Blork the orc
  3239 | D:4      | Reached skill level 8 in Axes
  3241 | D:4      | Killed Blork the orc
  3319 | D:5      | Reached skill level 5 in Armour
  3319 | D:5      | Reached XP level 7. HP: 22/57 MP: 7/7
  3348 | D:5      | Reached *** piety under Trog
  3458 | D:5      | Noticed Eustachio
  3470 | D:5      | Killed Eustachio
  3471 | D:5      | Reached skill level 9 in Axes
  3636 | D:5      | Noticed Grinder
  3646 | D:5      | Killed Grinder
  3647 | D:5      | Reached XP level 8. HP: 64/64 MP: 8/8
  3721 | D:5      | Reached skill level 10 in Axes
  3766 | D:5      | Noticed Pikel
  3885 | D:4      | Killed Pikel
  4089 | D:5      | Reached skill level 11 in Axes
  4335 | D:6      | Noticed a vampire
  4375 | D:6      | Killed from afar by a vampire

Illustrated notes

Levels and vault maps discovered:
D:1:      minmay_arrival_up_and_down, layout_loops_corners, minmay_pentomino_v2
D:2:      layout_rooms, basic_altar, shapermc_ecumenical_altar_ellora
D:3:      minmay_roachtagon, layout_basic
D:4:      layout_cave_pools, lemuel_doored_altar
D:5:      layout_cave_pools, uniq_blork_the_orc, uniq_eustachio, uniq_pikel,
          uniq_grinder
D:6:      layout_cave_pools, mainiacjoe_overflow_alcove_1,
          minmay_temple_entry_ruins, enter_ossuary_4,
          minmay_misc_feat_four_crosses, chequers_serial_rivers_room_a

Skill      XL: |  1  2  3  4  5  6  7  8 |
---------------+-------------------------+-----
Axes           | 5 6 7 8 9 11 | 11.0
Armour         | 3 4 5 6 7 |  7.8
Fighting       | |  3.6
Dodging        | |  1.5

Action                     |  1- 3 |  4- 6 |  7- 9 || total
---------------------------+-------+-------+-------++-------
  Melee: Hand axe          |   162 |   141 |   165 ||   468
         Punch             |     1 |     1 |     4 ||     6
  Throw: Boomerang         |       |     2 |       ||     2
 Invoke: Berserk           |       |     1 |     4 ||     5
         Trog's Hand       |       |       |     2 ||     2
    Use: Scroll            |     9 |     5 |     1 ||    15
         Potion            |       |       |     2 ||     2
 Armour: Animal skin       |    12 |       |       ||    12
         Ring mail         |    43 |     4 |       ||    47
         Chain mail        |       |    69 |   147 ||   216
  Dodge: Dodged            |    88 |    77 |    95 ||   260
